 Dungeon Crawl Stone Soup version 0.20-a0-544-g2b9a704 (webtiles) character file.

3176 M4edhros the Covert (level 9, -1/59 HPs)
             Began as an Octopode Artificer on Jan 31, 2017.
             Was a Priest of Okawaru (penitent).
             Slain by an orc knight
             ... wielding a +0 glaive
             ... created by the fury of Okawaru
              (40 damage)
             ... on level 8 of the Dungeon.
             The game lasted 00:14:55 (7905 turns).

M4edhros the Covert (Octopode Artificer)            Turns: 7905, Time: 00:14:56

Health: -1/59      AC:  1    Str: 11    XL:     9   Next: 95%
Magic:  11/11      EV: 21    Int: 13    God:    Okawaru [*]
Gold:   153        SH:  8    Dex: 21    Spells: 8/8 levels left

rFire    . . .     SeeInvis +   B - +0 dagger (flame)
rCold    + . .     Gourm    .   u - +2 buckler
rNeg     . . .     Faith    .   (helmet restricted)
rPois    .         Spirit   .   M - amulet of harm
rElec    .         Reflect  .   h - ring of see invisible
rCorr    +         Harm     +   w - ring of resist corrosion
MR       .....     Rnd*Rage +   (no ring)
Stlth    +++++++...             (no ring)
Regen    0.2/turn               (no ring)
                                (no ring)
                                (no ring)
                                (no ring)

@: agile, about to teleport, slowed, very slow
A: almost no armour, stealthy swim, amphibious, 8 rings, constrict 8, camouflage
1, berserk 1, cold resistance 1, sense surroundings 1, gelatinous body 1,
MP-powered wands
a: Renounce Religion


You were on level 8 of the Dungeon.
You worshipped Okawaru.
Okawaru was demanding penance.
You were not hungry.

You visited 1 branch of the dungeon, and saw 8 of its levels.

You collected 363 gold pieces.
You spent 210 gold pieces at shops.

Inventory:

Hand Weapons
 l - a +0 rapier
 o - a +0 hunting sling
 B - a +0 dagger of flaming (weapon)
 E - a +0 blowgun
Missiles
 i - 269 stones (quivered)
 s - 36 sling bullets
 F - 58 poisoned needles
Armour
 u - a +2 buckler (worn)
 D - a +4 large shield
Jewellery
 h - a ring of see invisible (left tentacle)
 w - a ring of resist corrosion (right tentacle)
 C - an uncursed ring of teleportation
 M - an amulet of harm (around mantle)
Wands
 b - a wand of flame (0/48)
 c - a wand of enslavement (10/24)
 d - a wand of random effects (0/48)
Scrolls
 e - 2 scrolls of remove curse
 g - a scroll of identify
 y - 2 scrolls of immolation
 z - 4 scrolls of magic mapping
 A - a scroll of teleportation
 G - a scroll of fog
Potions
 r - a potion of might
 t - 5 potions of curing
 J - a potion of brilliance
Books
 j - a book of Conjurations

   Spells                             Type                      Level
   a - Magic Dart                     Conjuration                  1
   b - Searing Ray                    Conjuration                  2
   c - Dazzling Spray                 Conjuration/Hexes            3
   d - Fulminant Prism                Conjuration/Hexes            4
   e - Iskenderun's Mystic Blast      Conjuration                  4
   f - Iskenderun's Battlesphere      Conjuration/Charms           5
Comestibles
 a - a chunk of flesh
 f - 4 bread rations
 n - 3 meat rations
 p - 2 royal jellies
 H - 3 fruits


   Skills:
 + Level 4.6 Fighting
 - Level 1.0 Short Blades
 * Level 6.2 Slings
 + Level 4.6 Dodging
 + Level 12.1 Stealth
 * Level 5.0 Shields
 - Level 3.2 Evocations


You had 8 spell levels left.
You didn't know any spells.

Dungeon Overview and Level Annotations

Branches:
Dungeon (8/15)             Temple (0/1) D:5
   Lair: D:8-11

Altars:
Ashenzari
Dithmenos
Fedhas
Gozag
Hepliaklqana
Makhleb
Nemelex Xobeh
Okawaru
Trog
Uskayaw

Shops:
D:5 !


Innate Abilities, Weirdness & Mutations

You cannot wear most types of armour.
You are very stealthy in the water. (Stealth+)
You are amphibious.
You can wear up to eight rings at the same time.
You can use your tentacles to constrict eight enemies at once.
Your skin changes colour to match your surroundings (Stealth+).
Your rubbery body absorbs attacks. (AC +1, EV +1)
You tend to lose your temper in combat.
Your flesh is cold resistant. (rC+)
You passively map a small area around you.
You expend magic power (3 MP) to strengthen your wands.


Message History

You constrict the orc.
You kill the orc!
That felt strangely unrewarding.
The deep elf knight casts a spell.
The deep elf knight seems to speed up.
The orc wizard gestures at you while chanting.
You block the puff of flame.
The orc knight roars a battlecry!
The orcs go into a battle-frenzy!
You block the orc warrior's attack. The orc misses you.
The deep elf mage gestures wildly while chanting.
The deep elf mage blinks!
The orc wizard gestures at you while chanting.
The puff of flame hits you!
* * * LOW HITPOINT WARNING * * *
Unknown command.
You feel much better. You block the deep elf knight's attack.
The orc knight hits you from afar with a glaive!!
Ouch! That really hurt!
You die... .#,, , PPP, * #.....##.#. .#,, ,PPP,

, #.)...##... .# .##
, ####### #.....#####
.# #.# ######.....#
#.....# #. .# #.#
#....#..Z..#########
#. .# #.#
#.......o...... #. .#
#.# #..#.#Z##o.....
#. .# #.# #..#.ooo#
..... * #. .# #.#
#..###o@# ,.... #.
.###.#####e.ยง.eeo#
... #.
.............eoo.# ,
.. ##
####.#######.#####,,,
. #.........# * *
###########


You could see an orc knight, 2 deep elf archers, a deep elf knight, a deep elf
mage, 2 orc warriors, an orc wizard, 3 orcs and a leopard gecko skeleton.

Vanquished Creatures
  A two-headed ogre (D:8)
  A hippogriff (D:7)
  Prince Ribbit (D:8)
  The ghost of lollipopman the Skirmisher, an amateur OgBe of Trog (D:3)
  An orc warrior (D:8)
  A water moccasin (D:6)
  2 sky beasts (D:7)
  3 phantoms
  An ice beast (D:8)
  2 ogres
  A bullfrog (D:6)
  A wyvern zombie (D:7)
  3 scorpions
  A howler monkey (D:6)
  3 crimson imps
  A bullfrog zombie (D:6)
  A bullfrog skeleton (D:4)
  2 hounds
  2 orc priests
  2 centaur skeletons
  2 orc wizards (D:5)
  6 worker ants
  A hound skeleton (D:6)
  A worker ant zombie (D:7)
  2 gnolls (D:3)
  9 adders
  2 shadow imps (D:6)
  An ooze (D:4)
  An adder zombie (D:6)
  2 worms (D:2)
  3 dart slugs (D:4)
  2 leopard geckos
  18 orcs
  2 ball pythons
  10 bats
  4 giant cockroaches
  2 goblins
  5 hobgoblins
  2 quokkas
  5 frilled lizards
  A jackal skeleton (D:4)
  2 kobolds
  7 rats
121 creatures vanquished.

Vanquished Creatures (collateral kills)
  A centaur (D:8)
  An adder (D:2)
  3 orcs
5 creatures vanquished.

Vanquished Creatures (others)
  An orc priest (D:7)
  An orc wizard (D:5)
  An adder (D:5)
  A gnoll (D:3)
  A leopard gecko (D:5)
5 creatures vanquished.

Grand Total: 131 creatures vanquished

Notes
Turn   | Place    | Note
-------+----------+-------------------------------------------
     0 | D:1      | M4edhros the Octopode Artificer began the quest for the Orb.
     0 | D:1      | Reached XP level 1. HP: 13/13 MP: 3/3
    93 | D:1      | Reached skill level 2 in Stealth
   107 | D:2      | Reached skill level 3 in Stealth
   107 | D:2      | Reached XP level 2. HP: 15/18 MP: 4/4
   236 | D:3      | Reached skill level 4 in Stealth
   236 | D:3      | Reached XP level 3. HP: 22/23 MP: 5/5
   481 | D:3      | Noticed lollipopman's ghost (amateur OgBe)
   493 | D:3      | Reached skill level 5 in Stealth
   511 | D:3      | Killed lollipopman's ghost
   511 | D:3      | Reached skill level 7 in Stealth
   511 | D:3      | Reached XP level 4. HP: 6/28 MP: 6/6
   511 | D:3      | Reached XP level 5. HP: 7/33 MP: 7/7
   797 | D:3      | Reached skill level 8 in Stealth
   797 | D:3      | Reached XP level 6. HP: 32/38 MP: 8/8
   873 | D:4      | Reached skill level 9 in Stealth
   944 | D:4      | Noticed a phantom
   962 | D:4      | Killed a phantom
   962 | D:4      | Reached skill level 10 in Stealth
   962 | D:4      | Reached XP level 7. HP: 23/43 MP: 9/9
  1385 | D:4      | Found a burning altar of Makhleb.
  1632 | D:4      | Found a sparkling altar of Nemelex Xobeh.
  1658 | D:4      | Reached skill level 1 in Slings
  1764 | D:5      | Entered Level 5 of the Dungeon
  1789 | D:5      | Found Syunaol's Distillery.
  1828 | D:5      | Bought a potion of might for 56 gold pieces
  1828 | D:5      | Bought a potion of heal wounds for 70 gold pieces
  1843 | D:5      | Found an iron altar of Okawaru.
  1870 | D:5      | Became a worshipper of Warmaster Okawaru
  3340 | D:3      | Found a shattered altar of Ashenzari.
  3844 | D:5      | Found a sparkling altar of Nemelex Xobeh.
  3901 | D:5      | Found a bloodstained altar of Trog.
  3925 | D:5      | Reached skill level 1 in Shields
  4084 | D:5      | HP: 1/44 [orc wizard/puff of flame (9)]
  4202 | D:5      | Found a staircase to the Ecumenical Temple.
  4403 | D:5      | Bought a potion of curing for 42 gold pieces
  4403 | D:5      | Bought a potion of curing for 42 gold pieces
  4514 | D:5      | Reached XP level 8. HP: 43/50 MP: 10/10
  4919 | D:6      | Found a hide-covered altar of Uskayaw.
  4964 | D:6      | Reached skill level 11 in Stealth
  5245 | D:6      | Reached * piety under Okawaru
  5446 | D:6      | Found a hazy altar of Hepliaklqana.
  5446 | D:6      | Found an opulent altar of Gozag.
  5752 | D:7      | Gained mutation: You expend magic power (3 MP) to strengthen your wands. [mutagenic meat]
  5753 | D:7      | Gained mutation: You passively map a small area around you. [mutagenic meat]
  5754 | D:7      | Gained mutation: You tend to lose your temper in combat. [mutagenic meat]
  5955 | D:7      | Found a shadowy altar of Dithmenos.
  6258 | D:7      | Noticed a hippogriff
  6478 | D:8      | Reached XP level 9. HP: 45/57 MP: 11/11
  6541 | D:8      | Noticed Prince Ribbit
  6544 | D:8      | Killed Prince Ribbit
  6544 | D:8      | Reached ** piety under Okawaru
  6600 | D:8      | Reached skill level 5 in Slings
  6803 | D:8      | Noticed a two-headed ogre
  7561 | D:7      | Gained mutation: Your flesh is cold resistant. (rC+) [potion of mutation]
  7658 | D:8      | Killed a two-headed ogre
  7658 | D:8      | Reached skill level 12 in Stealth
  7662 | D:8      | Reached *** piety under Okawaru
  7768 | D:8      | Reached skill level 5 in Shields
  7771 | D:8      | Was placed under penance by Okawaru
  7844 | D:8      | Found a blossoming altar of Fedhas.
  7902 | D:8      | Noticed a deep elf knight
  7902 | D:8      | Noticed a deep elf mage
  7902 | D:8      | Noticed a deep elf archer
  7902 | D:8      | Noticed a deep elf archer
  7902 | D:8      | Noticed an orc knight
  7905 | D:8      | Slain by an orc knight

Vault maps used:
D:1:      sevenhm_arrival_forest_fort_small_4
D:3:      marbit_many_paths, first_bread, minmay_item_behind_shaft
D:4:      makhleb_grotto_becter, nemelex_dance_club_becter
D:5:      nemelex_altar_shiori, nicolae_overflow_hidden_temple,
          lemuel_round_altar, minmay_temple_entry_hall, serial_shops, shop
D:6:      eat_drink_and_be_merry_uskayaw, gammafunk_temple_overflow_elements
D:7:      grunt_dithmenos_shadows
D:8:      fedhas_altar_decomposition, uniq_prince_ribbit1

Skill      XL: |  1  2  3  4  5  6  7  8  9 |
---------------+----------------------------+-----
Stealth        | 3 4 7 8 10 11 12 | 12.1
Slings         | 2 4 6 |  6.2
Shields        | 1 3 5 |  5.0
Fighting       | 3 4 |  4.6
Dodging        | 3 4 |  4.6
Short Blades   | |  1.0
Evocations     | |  3.2

Action                   |  1- 3 |  4- 6 |  7- 9 || total
-------------------------+-------+-------+-------++-------
Melee: Short sword       |    23 |    23 |     2 ||    48
       Constrict         |     7 |     4 |    41 ||    52
       Tentacles         |     5 |     5 |    38 ||    48
       Dagger            |       |       |   179 ||   179
       Rapier            |       |       |    42 ||    42
 Fire: Hunting sling     |       |       |    51 ||    51
       Blowgun           |       |       |    20 ||    20
Invok: Heroism           |       |       |     2 ||     2
Evoke: Wand              |    14 |    10 |    22 ||    46
  Use: Potion            |       |       |     8 ||     8
       Scroll            |       |       |    24 ||    24
 Stab: Sleeping          |     6 |     4 |    35 ||    45
       Distracted        |       |       |     2 ||     2
  Eat: Chunk             |       |       |    25 ||    25
Armor: Skin              |     1 |     8 |     8 ||    17
Dodge: Dodged            |    13 |    18 |   110 ||   141
Block: Buckler           |       |       |    65 ||    65
